 Dungeon Crawl Stone Soup version 0.30-a0-373-gd37427bb62 (webtiles) character file.

Game seed: 522332605241519210

152675 Lobster4 the Markshuman (level 18, -16/131 HPs)
             Began as a Human Hunter on Nov 24, 2022.
             Was the Champion of Hepliaklqana.
             Killed from afar by a deep elf knight (26 damage)
             ... with a shard of ice
             ... on level 2 of the Elven Halls.
             The game lasted 02:05:56 (25924 turns).

Lobster4 the Markshuman (Human Hunter)             Turns: 25924, Time: 02:05:57

Health: -16/131    AC: 18    Str: 15    XL:     18   Next: 21%
Magic:  24/24      EV: 21    Int: 20    God:    Hepliaklqana [******]
Gold:   1490       SH:  5    Dex: 27    Spells: 17/23 levels left

rFire   + + .      SeeInvis +    v - +4 long sword "Wayr" {elec, Str+3 Int+3 SInv}
rCold   + + .      Faith    .    (no shield)
rNeg    + . .      Spirit   .    c - +0 troll leather armour
rPois   +          Reflect  +    I - +1 helmet of the Pink Corner {rElec rF- Will+++ Dex+4}
rElec   +          Harm     .    y - +2 cloak {rCorr}
rCorr   +          Rampage  .    N - +1 pair of gloves of the Sky {rPois rC+ rN+}
Will    ++++.                    p - +2 pair of boots "Rizopsas" {rElec rF+ Slay+2 Stlth-}
Stlth   +.........               J - amulet of reflection
HPRegen 1.21/turn                j - ring "Ilyrix" {rC++ Int+6}
MPRegen 0.19/turn                l - ring of Turhurph {rPois rF++ rC- Slay+6}

@: about to teleport, studying Unarmed Combat
A: reduced essence
a: Renounce Religion, Recall Ancestor, Ancestor Identity, Transference, Idealise


You were on level 2 of the Elven Halls.
You worshipped Hepliaklqana.
Hepliaklqana was exalted by your worship.
You visited 5 branches of the dungeon, and saw 26 of its levels.
You also visited: Trove, Ossuary, Bailey, Gauntlet and Ice Cave.

You collected 3002 gold pieces.
You spent 1512 gold pieces at shops.

Inventory:

Hand Weapons
 a - a +2 vorpal shortbow
 b - the +11 hand axe of Eternal War {antimagic, Str+4 Dex+3}
   (You found it on level 8 of the Dungeon)

   It reduces the magical energy of the wielder, and disrupts the spells and
   magical abilities of those it strikes.
   Natural abilities and divine invocations are not affected.
   Str:       It affects your strength (+4).
   Dex:       It affects your dexterity (+3).
 v - the +4 long sword "Wayr" (weapon) {elec, Str+3 Int+3 SInv}
   (You bought it in a shop on level 2 of the Orcish Mines)

   It occasionally discharges a powerful burst of electricity upon striking a
   foe.
   Str:       It affects your strength (+3).
   Int:       It affects your intelligence (+3).
   SInv:      It lets you see invisible.
 A - the +7 dagger of Outrage {venom, Fly Int-3 Dex+2}
   (You found it in an ice cave)

   It poisons the flesh of those it strikes.
   Int:       It affects your intelligence (-3).
   Dex:       It affects your dexterity (+2).
   Fly:       It grants you flight.
Armour
 c - a +0 troll leather armour (worn)
 p - the +2 pair of boots "Rizopsas" (worn) {rElec rF+ Slay+2 Stlth-}
   (You found it in a Gauntlet)

   Slay:      It affects your accuracy & damage with ranged weapons and melee
   (+2).
   rF:        It protects you from fire.
   rElec:     It insulates you from electricity.
   Stlth:     It makes you less stealthy.
 q - +0 steam dragon scales
 y - a +2 cloak of preservation (worn)
 I - the +1 helmet of the Pink Corner (worn) {rElec rF- Will+++ Dex+4}
   (You acquired it in a bailey)

   Dex:       It affects your dexterity (+4).
   rF:        It makes you vulnerable to fire.
   rElec:     It insulates you from electricity.
   Will:      It greatly increases your willpower.
 N - the +1 pair of gloves of the Sky (worn) {rPois rC+ rN+}
   (You found it in a Gauntlet)

   rC:        It protects you from cold.
   rPois:     It protects you from poison.
   rN:        It protects you from negative energy.
Jewellery
 j - the ring "Ilyrix" (left hand) {rC++ Int+6}
   (You found it in a treasure trove)

   [ring of intelligence]

   Int:       It affects your intelligence (+6).
   rC:        It greatly protects you from cold.
 k - an amulet of regeneration
 l - the ring of Turhurph (right hand) {rPois rF++ rC- Slay+6}
   (You acquired it in a bailey)

   [ring of poison resistance]

   Slay:      It affects your accuracy & damage with ranged weapons and melee
   (+6).
   rF:        It greatly protects you from fire.
   rC:        It makes you vulnerable to cold.
   rPois:     It protects you from poison.
 J - an amulet of reflection (around neck)
Wands
 n - a wand of quicksilver (5)
 t - a wand of mindburst (13)
 E - a wand of iceblast (18)
 K - a wand of digging (9)
 R - a wand of flame (20)
Scrolls
 d - a scroll of magic mapping
 e - a scroll of brand weapon
 h - a scroll of silence
 o - a scroll of poison
 x - 3 scrolls of enchant weapon
 D - 2 scrolls of blinking
 H - 12 scrolls of teleportation
 Q - 2 scrolls of butterflies
 V - 2 scrolls of fear
Potions
 i - 11 potions of curing
 m - 2 potions of haste
 s - 5 potions of magic
 u - 5 potions of resistance
 w - 5 potions of ambrosia
 z - 7 potions of lignification
 B - 4 potions of might
 C - 5 potions of brilliance
 F - a potion of berserk rage
 G - 3 potions of invisibility
 M - 4 potions of flight
 S - a potion of cancellation
 U - 2 potions of heal wounds
Miscellaneous
 X - a condenser vane
 Y - a tin of tremorstones (2/2)


   Skills:
 + Level 14.0 Fighting
 - Level 1.4(4.9) Short Blades
 + Level 7.5(7.6) Long Blades
 - Level 7.0 Axes
 - Level 2.0 Staves
 + Level 18.3 Ranged Weapons
 - Level 1.0 Throwing
 + Level 11.7 Armour
 - Level 10.0 Dodging
 - Level 1.0 Stealth
 - Level 3.0 Unarmed Combat
 - Level 3.0 Spellcasting
 - Level 9.0 Translocations
 - Level 8.0 Invocations
 - Level 3.0 Evocations


You had 17 spell levels left.
You knew the following spells:

 Your Spells              Type           Power      Damage    Failure   Level
a - Blink                 Tloc           78%        N/A       1%          2
b - Manifold Assault      Tloc           39%        N/A       4%          4

Your spell library contained the following spells:

 Spells                   Type           Power      Damage    Failure   Level
 Passage of Golubria      Tloc           39%        N/A       4%          4
 Portal Projectile        Hex/Tloc       42%        N/A       8%          3
 Vhi's Electric Charge    Tloc/Air       42%        N/A       8%          3
 Kindle Blastsparks       Fire/Tloc/Air  30%        2d12      14%         3
 Foxfire                  Conj/Fire      12%        2x1d4     16%         1
 Freeze                   Ice            12%        1d3       16%         1
 Sandblast                Erth           6%         2d5       16%         1
 Sting                    Tmut/Pois      12%        1d3       16%         1
 Summon Small Mammal      Summ           12%        N/A       16%         1
 Cigotuvi's Dreadful Rot  Necr/Pois/Air  6%         N/A       24%         2
 Poisonous Vapours        Pois/Air       6%         N/A       24%         2
 Call Canine Familiar     Summ           3%         N/A       43%         3
 Confusing Touch          Hex            3%         N/A       43%         3
 Frozen Ramparts          Ice            6%         1d1       43%         3
 Ignite Poison            Fire/Tmut/Pois 3%         N/A       43%         3
 Inner Flame              Hex/Fire       3%         N/A       43%         3
 Ozocubu's Armour         Ice            3%         N/A       43%         3
 Summon Guardian Golem    Hex/Summ       3%         N/A       43%         3
 Tukima's Dance           Hex            3%         N/A       43%         3
 Animate Armour           Summ/Erth      6%         N/A       85%         4
 Flame Wave               Conj/Fire      3%         2d5       85%         4
 Ice Form                 Ice/Tmut       3%         N/A       85%         4
 Leda's Liquefaction      Hex/Erth       1%         N/A       85%         4
 Olgreb's Toxic Radiance  Pois           3%         N/A       85%         4
 Petrify                  Tmut/Erth      3%         N/A       85%         4
 Sticky Flame             Conj/Fire      3%         2d3       85%         4
 Summon Ice Beast         Ice/Summ       3%         N/A       85%         4
 Blade Hands              Tmut           1%         N/A       99%         5
 Freezing Cloud           Conj/Ice/Air   1%         6-21      99%         5
 Metabolic Englaciation   Hex/Ice        1%         N/A       99%         5
 Silence                  Hex/Air        1%         N/A       99%         5
 Iron Shot                Conj/Erth      1%         9d1       100%        6
 Simulacrum               Ice/Necr       1%         N/A       100%        6
 Spellforged Servitor     Conj/Summ      1%         N/A       100%        7
 Storm Form               Tmut/Air       1%         N/A       100%        7
 Borgnjor's Revivificati  Necr           1%         N/A       100%        8
 Ignition                 Fire           1%         3d3       100%        8
 Lehudib's Crystal Spear  Conj/Erth      1%         10d2      100%        8


Dungeon Overview and Level Annotations

Branches:
Dungeon (15/15)            Temple (1/1) D:7            Lair (5/5) D:11
 Shoals (0/4) Lair:2        Snake (0/4) Lair:2        Slime (0/5) Lair:5
    Orc (2/2) D:12            Elf (3/3) Orc:2        Vaults (0/5) D:14
 Depths (0/4) D:15        Ossuary (visited)          Bailey (visited)
  IceCv (visited)         Gauntlet (visited)

Altars:
Ashenzari
Cheibriados
Dithmenos
Elyvilon
Fedhas
Gozag
Hepliaklqana
Kikubaaqudgha
Makhleb
Nemelex Xobeh
Okawaru
Qazlal
Ru
Sif Muna
Trog
Uskayaw
Vehumet
Wu Jian
Xom
Yredelemnul
Zin
The Shining One
Jiyva

Shops:
D:1 :   D:6 ?   D:14 [   Orc:2 :*:*   Elf:1 ::=   Elf:3 *

Annotations:
D:4 Edmund
D:7 exclusion: orc wizard
D:11 exclusion: orange demon, Amaemon
Lair:1 2 transporters, exclusion: oklob plant, NinjaNoafa's ghost, journeyman MiFi
Orc:1 2 transporters, Cezoat's ghost, journeyman OpVM
Elf:2 3 runed translucent doors


Message History

The deep elf knight gestures at you while chanting.
The lance of force hits you!
You are knocked back by the lance of force.
The deep elf knight gestures at you while chanting.
The lance of force hits you!!
You are knocked back by the lance of force.
A deep elf pyromancer, a deep elf knight, a deep elf blademaster and a +1 mace of holy wrath come into view.
The deep elf knight casts a spell at you.
The shard of ice hits you!! You partially resist.
The deep elf pyromancer shouts!
As you read the scroll of teleportation, it crumbles to dust.
You feel strangely unstable.
The deep elf knight shouts!
The deep elf knight unwields a +0 long sword.
The deep elf knight wields a +0 shortbow.
The deep elf knight shoots an arrow.
The arrow completely misses you.
The deep elf blademaster attacks as you move away!
The deep elf blademaster hits you with a +0 rapier.
The deep elf blademaster completely misses you.
The deep elf knight shoots an arrow.
The arrow barely misses you.
The deep elf pyromancer gestures at you while chanting.
The bolt of fire misses you.
The deep elf blademaster hits you but does no damage.
The deep elf blademaster hits you with a +0 rapier!
* * * LOW HITPOINT WARNING * * *
Blink to where?
Press: ? - help, Dir - move target
As you read the scroll of blinking, it crumbles to dust.
Your surroundings suddenly seem different.
The deep elf knight shoots an arrow.
The arrow misses you.
The deep elf knight gestures wildly while chanting.
The deep elf knight seems to speed up.
As you read the scroll of teleportation, it crumbles to dust.
You feel strangely unstable.
The deep elf knight gestures at you while chanting.
The shard of ice hits you!! You partially resist.
* * * LOW HITPOINT WARNING * * *
The deep elf knight points at you and mumbles some strange words.
The shard of ice hits you!! You partially resist.
You die...

##..# .
##...............# ####
....###................#
#
.......................
#####
.......e..e............
...>#
.....eee...............
#####
......................
....#
.......(............#
#####
...................##
.#b.#
.......@...........#


bbb.# ...................## bbbb# ....###.###.###...).### .b.b# ... ### ###
##......## bbb.# . #.).....# bbbb# #.......# #bb.# #.)....... b...# ...........
##### ..).......... You could see a deep elf blademaster, 3 deep elf knights, a
deep elf pyromancer and a +1 mace of holy wrath.

Vanquished Creatures
  Frances (D:13)
  A deep elf sorcerer (Elf:1)
  A deep elf elementalist (Elf:2)
  A stone giant (D:15)
  2 deep elf demonologists
  A deep elf annihilator (Elf:2)
  A minotaur (Gauntlet)
  2 deep elf death magi
  An ice dragon (Lair:5)
  An ogre mage (D:15)
  A salamander tyrant (Elf:2)
  6 vault guards (D:14)
  2 hydras
  2 centaur warriors (D:15)
  3 boulder beetles
  3 death yaks (Lair:5)
  An alligator (shapeshifter) (Elf:1)
  22 dancing weapons
  6 two-headed ogres
  A tengu warrior (D:15)
  Urug (D:13)
  4 orc high priests
  9 deep elf knights
  2 deep elf archers (Elf:2)
  2 wizards
  A lindwurm (Lair:5)
  6 orc knights
  16 deep elf zephyrmancers
  23 deep elf pyromancers
  A wolf spider (Lair:5)
  8 ugly things
  7 orc sorcerers
  2 cyclopes
  2 manticores
  6 black mambas
  A guardian serpent (Lair:5)
  Joseph (D:10)
  16 elephants
  A black mamba (shapeshifter) (D:14)
  Maurice (D:9)
  2 torpor snails (Lair:5)
  14 cane toads
  A water nymph (shapeshifter) (Elf:2)
  Psyche (D:8)
  4 komodo dragons
  3 kobold demonologists
  3 rime drakes
  2 trolls
  2 polar bears
  2 meliai (D:12)
  9 hornets
  A tyrant leech (Lair:5)
  A wind drake (shapeshifter) (Elf:1)
  8 dream sheep
  A raiju (Gauntlet)
  8 slime creatures
  A snapping turtle (Lair:2)
  15 blink frogs
  3 shadows
  3 wraiths
  3 water elementals
  10 wyverns
  4 basilisks
  2 fire elementals
  26 yaks
  Grum (D:8)
  8 vampire mosquitoes
  5 steam dragons
  Menkaure (D:4)
  3 acid dragons
  2 nagas (Lair:2)
  19 water moccasins
  3 black bears
  A sky beast (D:8)
  A meliai simulacrum (Gauntlet)
  30 orc warriors
  An ice dragon simulacrum (Gauntlet)
  4 ice beasts (D:11)
  A tengu (shapeshifter) (Elf:2)
  12 wolves
  6 centaurs
  2 ogres
  A phantom (D:4)
  3 kobold brigands
  9 bullfrogs
  4 necrophages
  A gnoll sergeant (D:8)
  3 earth elementals
  4 scorpions
  2 water moccasin zombies (D:4)
  An elephant simulacrum (IceCv)
  20 killer bees
  3 howler monkeys
  6 electric eels
  3 jellies
  11 orc priests
  A bullfrog skeleton (D:4)
  A gnoll bouda (Lair:4)
  3 hounds
  Natasha (thrice) (D:3)
  22 orc wizards
  6 iguanas
  2 scorpion zombies (D:4)
  A polar bear simulacrum (IceCv)
  3 hound zombies (D:4)
  A hound skeleton (D:4)
  3 mummies
  9 gnolls
  A howler monkey skeleton (D:4)
  3 adders
  2 shadow imps
  2 white imps
  3 ufetubi
  3 adder zombies (D:4)
  3 worms (D:3)
  14 dart slugs
  54 orcs
  6 endoplasms
  4 giant cockroaches
  10 goblins
  9 hobgoblins
  2 quokkas (D:1)
  7 ball pythons
  7 bats
  A frilled lizard (D:3)
  4 gnoll zombies (Ossuary)
  8 hobgoblin zombies (Ossuary)
  22 kobolds
  4 orc zombies
  5 rats
698 creatures vanquished.

Vanquished Creatures (collateral kills)
  A deep elf annihilator (Elf:3)
  2 vault guards (D:14)
  2 hydras
  A death knight (D:15)
  2 death yaks (Lair:5)
  5 two-headed ogres
  5 dancing weapons (Elf:2)
  An orc high priest (Orc:2)
  A tengu warrior (D:15)
  2 deep elf knights
  A deep elf archer (Elf:1)
  A wizard (Elf:1)
  An ugly thing (D:15)
  5 deep elf pyromancers
  2 deep elf zephyrmancers (Elf:1)
  An orc knight (Orc:1)
  A manticore (D:12)
  6 elephants
  3 black mambas
  4 cane toads
  3 torpor snails (Lair:5)
  A freezing wraith (IceCv)
  A kobold demonologist (D:11)
  2 rime drakes (D:11)
  2 trolls
  3 tyrant leeches (Lair:5)
  A queen bee (D:12)
  4 hornets (Lair:5)
  A meliai (D:12)
  A blink frog (Lair:3)
  3 slime creatures (D:14)
  A dream sheep (Lair:4)
  A centaur simulacrum (Gauntlet)
  An air elemental (Elf:1)
  10 yaks
  2 wraiths
  3 shadows
  2 wyverns (Lair:5)
  2 basilisks
  A redback (Lair:5)
  A death yak simulacrum (IceCv)
  A vampire mosquito (D:13)
  4 water moccasins
  6 orc warriors
  An ice beast (D:11)
  A boggart (Elf:1)
  2 wolves
  A kobold brigand (D:10)
  A cane toad simulacrum (IceCv)
  11 killer bees
  An electric eel (Lair:1)
  2 orc wizards
  A polar bear simulacrum (IceCv)
  5 orcs
130 creatures vanquished.

Vanquished Creatures (others)
  A deep elf pyromancer (Elf:2)
  2 water elementals (Elf:2)
  An ice beast (D:11)
  18 knights
  2 ancestors (D:9)
  22 demonic plants (Gauntlet)
  39 fungi
  64 plants
  5 withered plants (D:4)
154 creatures vanquished.

Grand Total: 982 creatures vanquished

Notes
Turn   | Place    | Note
-------+----------+-------------------------------------------
     0 | D:1      | Lobster4 the Human Hunter began the quest for the Orb.
     0 | D:1      | Reached XP level 1. HP: 16/16 MP: 1/1
    54 | D:1      | Reached XP level 2. HP: 22/22 MP: 2/2
   305 | D:1      | Found Nukhason's Book Shop.
   386 | D:1      | Reached XP level 3. HP: 18/27 MP: 3/3
   713 | D:2      | Reached skill level 1 in Armour
   966 | D:2      | Reached XP level 4. HP: 34/34 MP: 4/4
  1027 | D:2      | Noticed a necrophage
  1066 | D:1      | Killed a necrophage
  1067 | D:1      | Reached XP level 5. HP: 31/40 MP: 5/5
  1289 | D:3      | Noticed Natasha
  1296 | D:3      | Killed Natasha
  1297 | D:3      | Reached skill level 5 in Ranged Weapons
  1321 | D:3      | Found an ancient bone altar of Kikubaaqudgha.
  1351 | D:3      | Noticed Natasha
  1354 | D:3      | Killed Natasha
  1630 | D:3      | Noticed Natasha
  1636 | D:3      | Killed Natasha
  1637 | D:3      | Reached XP level 6. HP: 47/47 MP: 6/6
  1827 | D:4      | Noticed Menkaure
  1846 | D:4      | Found an iron altar of Okawaru.
  1930 | D:4      | Got Ibruir Baku's Guide on Violent Fog
  2157 | D:4      | Reached XP level 7. HP: 52/52 MP: 7/7
  2164 | D:4      | Reached skill level 6 in Ranged Weapons
  2331 | D:4      | Reached skill level 1 in Staves
  2335 | D:4      | Reached skill level 1 in Long Blades
  2502 | D:5      | Entered Level 5 of the Dungeon
  2635 | D:5      | Noticed Edmund
  2666 | D:4      | Killed Menkaure
  2667 | D:4      | Reached skill level 1 in Evocations
  2667 | D:4      | Reached XP level 8. HP: 28/60 MP: 8/8
  3003 | D:5      | Reached skill level 7 in Ranged Weapons
  3312 | D:6      | Identified the +0 ring mail of Action {rElec rF- rN+++
                  | Slay-3}
  3488 | D:6      | Identified the +7 hand axe "Trog's Fury" {vorpal, *Slow
                  | rElec Str+6}
  3495 | D:6      | Found a sand-covered staircase.
  3504 | Ossuary  | Entered an ossuary
  3706 | D:6      | Reached XP level 9. HP: 67/67 MP: 9/9
  3730 | D:6      | Reached skill level 5 in Fighting
  3745 | D:6      | Reached skill level 1 in Axes
  3787 | D:6      | Found Xulo's Magic Scroll Shop.
  3824 | D:6      | Noticed a komodo dragon
  3880 | D:6      | Reached skill level 8 in Ranged Weapons
  4155 | D:6      | Killed a komodo dragon
  4342 | D:6      | Reached skill level 5 in Armour
  4715 | D:7      | Found a shimmering blue altar of Sif Muna.
  4724 | D:7      | Reached skill level 9 in Ranged Weapons
  4724 | D:7      | Reached XP level 10. HP: 75/76 MP: 10/10
  4729 | D:7      | Found a glowing silver altar of Zin.
  4778 | D:7      | Found a staircase to the Ecumenical Temple.
  4788 | Temple   | Entered the Ecumenical Temple
  4797 | Temple   | Became a worshipper of Hepliaklqana the Forgotten
  4975 | D:7      | Found a flagged portal.
  4989 | Bailey   | Entered a bailey
  5335 | Bailey   | Noticed an orc knight
  5354 | Bailey   | Killed an orc knight
  5437 | Bailey   | Reached skill level 10 in Ranged Weapons
  5538 | Bailey   | Acquired the ring of Turhurph {rPois rF++ rC- Slay+6}
  5562 | Bailey   | Noticed an orc high priest
  5566 | Bailey   | Killed an orc high priest
  5762 | Bailey   | Found an iron altar of Okawaru.
  5762 | Bailey   | Noticed an orc knight
  5762 | Bailey   | Noticed a kobold demonologist
  5765 | Bailey   | Killed a kobold demonologist
  5766 | Bailey   | Killed an orc knight
  5767 | Bailey   | Reached skill level 5 in Axes
  5767 | Bailey   | Reached XP level 11. HP: 66/84 MP: 11/11
  5818 | Bailey   | Acquired the +1 helmet of the Pink Corner {rElec rF-
                  | Will+++ Dex+4}
  5970 | Bailey   | Reached skill level 11 in Ranged Weapons
  6441 | D:8      | Noticed Psyche
  6447 | D:8      | Killed Psyche
  6460 | D:8      | Identified the +11 hand axe of Eternal War {antimagic,
                  | Str+4 Dex+3}
  6616 | D:8      | Noticed Grum
  6624 | D:8      | Killed Grum
  6632 | D:8      | Reached skill level 12 in Ranged Weapons
  6865 | D:8      | Found a bloodstained altar of Trog.
  6914 | D:8      | Reached * piety under Hepliaklqana
  6952 | D:8      | Learned a level 2 spell: Blink
  7191 | D:9      | Got Sif Muna's Omnibus of Evil Curses
  7601 | D:9      | Reached skill level 1 in Spellcasting
  7601 | D:9      | Reached skill level 1 in Translocations
  7685 | D:9      | Noticed Maurice
  7692 | D:9      | Killed Maurice
  7927 | D:10     | Entered Level 10 of the Dungeon
  8117 | D:10     | Reached ** piety under Hepliaklqana
  8118 | D:10     | Remembered your ancestor Thabo as a knight
  8129 | D:10     | Noticed a two-headed ogre
  8135 | D:10     | Killed a two-headed ogre
  8136 | D:10     | Reached skill level 1 in Unarmed Combat
  8242 | D:10     | Noticed Joseph
  8244 | D:10     | Reached XP level 12. HP: 82/85 MP: 14/14
  8249 | D:10     | Killed Joseph
  8302 | D:10     | Noticed a two-headed ogre
  8308 | D:10     | Killed a two-headed ogre
  8653 | D:10     | Reached skill level 13 in Ranged Weapons
  8974 | D:11     | Noticed Amaemon
  9040 | D:11     | Noticed a sixfirhy
  9076 | D:11     | Found a staircase to the Lair.
  9214 | D:11     | Found a frozen archway.
  9225 | IceCv    | Entered an ice cave
  9238 | IceCv    | HP: 4/85 [cane toad simulacrum (9)]
  9302 | IceCv    | Found a transporter.
  9308 | IceCv    | Found a transporter.
  9398 | IceCv    | Identified the +7 dagger of Outrage {venom, Fly Int-3
                  | Dex+2}
  9663 | D:11     | Reached skill level 1 in Throwing
  9988 | D:11     | Noticed a two-headed ogre
  9993 | D:11     | Killed a two-headed ogre
 10055 | D:11     | Reached skill level 1 in Short Blades
 10293 | Lair:1   | Entered Level 1 of the Lair of Beasts
 10343 | Lair:1   | Reached *** piety under Hepliaklqana
 10413 | Lair:1   | Reached XP level 13. HP: 90/90 MP: 17/17
 10506 | Lair:1   | Reached skill level 5 in Dodging
 10520 | Lair:1   | Reached skill level 1 in Invocations
 10561 | Lair:1   | Found a sacrificial altar of Ru.
 10686 | Lair:1   | Found a transporter.
 10693 | Lair:1   | Noticed NinjaNoafa's ghost (journeyman MiFi)
 10709 | Lair:1   | Found a transporter.
 11082 | Lair:1   | Reached skill level 14 in Ranged Weapons
 11103 | Lair:1   | Reached skill level 10 in Fighting
 11326 | Lair:2   | Found a gate leading to a gauntlet.
 11338 | Gauntlet | Entered a Gauntlet
 11338 | Gauntlet | Found a transporter.
 11345 | Gauntlet | Noticed a catoblepas
 11350 | Gauntlet | Found a transporter.
 11363 | Gauntlet | Found a transporter.
 11368 | Gauntlet | Found a transporter.
 11383 | Gauntlet | Found a transporter.
 11402 | Gauntlet | Found a transporter.
 11414 | Gauntlet | Found a transporter.
 11414 | Gauntlet | Reached **** piety under Hepliaklqana
 11417 | Gauntlet | Noticed a quicksilver ooze
 11420 | Gauntlet | Found a transporter.
 11435 | Gauntlet | Found a transporter.
 11443 | Gauntlet | Noticed a catoblepas
 11447 | Gauntlet | Found a transporter.
 11453 | Gauntlet | Found a transporter.
 11471 | Gauntlet | Found a transporter.
 11485 | Gauntlet | Found a transporter.
 11503 | Gauntlet | Found a transporter.
 11505 | Gauntlet | Found a transporter.
 11530 | Gauntlet | Found a transporter.
 11532 | Gauntlet | Found a transporter.
 11552 | Gauntlet | Found a transporter.
 11815 | Gauntlet | Identified the +2 pair of boots "Rizopsas" {rElec rF+
                  | Slay+2 Stlth-}
 11916 | Gauntlet | Noticed a minotaur
 11929 | Gauntlet | HP: 2/92 [minotaur/+0 halberd (28)]
 11931 | Gauntlet | Killed a minotaur
 12016 | Gauntlet | Identified the +1 pair of gloves of the Sky {rPois rC+ rN+}
 12084 | Lair:2   | Learned a level 4 spell: Manifold Assault
 12357 | Lair:2   | Found a staircase to the Snake Pit.
 12411 | Lair:2   | Found a staircase to the Shoals.
 12430 | Lair:2   | Reached skill level 5 in Translocations
 12737 | Lair:3   | Reached ***** piety under Hepliaklqana
 13432 | Lair:4   | Reached XP level 14. HP: 99/99 MP: 18/18
 14290 | Lair:5   | Entered Level 5 of the Lair of Beasts
 14297 | Lair:5   | Reached skill level 15 in Ranged Weapons
 14469 | Lair:5   | Reached skill level 5 in Invocations
 14659 | Lair:5   | Found a staircase to the Slime Pits.
 14659 | Lair:5   | Found a viscous altar of Jiyva.
 15023 | Lair:5   | Reached XP level 15. HP: 107/107 MP: 19/19
 15154 | Lair:5   | Reached skill level 16 in Ranged Weapons
 15650 | Lair:5   | Found a runed translucent door.
 15904 | Lair:5   | Identified the +5 mace of Skirmishing {speed, +Blink Dex+2}
 15947 | Lair:5   | Reached skill level 10 in Armour
 16280 | D:12     | Reached ****** piety under Hepliaklqana
 16408 | D:12     | Found a staircase to the Orcish Mines.
 16970 | Orc:1    | Entered Level 1 of the Orcish Mines
 16970 | Orc:1    | You fall into a shaft and drop 1 floor!
 16970 | Orc:2    | Entered Level 2 of the Orcish Mines
 16970 | Orc:2    | Found Losusebb's Assorted Antiques.
 16970 | Orc:2    | Found Foteaf's Book Emporium.
 17022 | Orc:2    | Found Wofutwij's General Store.
 17022 | Orc:2    | Found Yttanweo's Book Boutique.
 17054 | Orc:2    | Bought a scroll of blinking for 217 gold pieces
 17054 | Orc:2    | Bought a bone long sword for 246 gold pieces
 17054 | Orc:2    | Identified the +4 long sword "Wayr" {elec, Str+3 Int+3
                  | SInv} (You bought it in a shop on level 2 of the Orcish
                  | Mines)
 17265 | Orc:2    | Reached skill level 17 in Ranged Weapons
 17303 | Orc:2    | Found a staircase to the Elven Halls.
 17383 | Orc:1    | Found a transporter.
 17515 | Orc:1    | Found a transporter.
 17524 | Orc:1    | Noticed Cezoat's ghost (journeyman OpVM)
 17630 | Orc:2    | Reached XP level 16. HP: 112/114 MP: 22/22
 18612 | D:13     | Noticed Frances
 18621 | D:13     | Killed Frances
 18893 | D:13     | Noticed Urug
 18900 | D:13     | Killed Urug
 19046 | D:14     | Found a gate to the Vaults.
 19593 | D:14     | Found Ra's Dragon-Slaying Spoils.
 20029 | D:15     | Entered Level 15 of the Dungeon
 20165 | D:15     | Found a staircase to the Depths.
 20620 | D:15     | Found a portal to a secret trove of treasure.
 20934 | Elf:1    | Entered Level 1 of the Elven Halls
 20961 | Elf:1    | Found Kaggousm's Jewellery Shop.
 20961 | Elf:1    | Found Nythrum's Book Shoppe.
 20962 | Elf:1    | Found Qackostru's Book Shoppe.
 20992 | Elf:1    | Reached skill level 5 in Long Blades
 21140 | Elf:1    | Noticed a deep elf sorcerer
 21146 | Elf:1    | Killed a deep elf sorcerer
 21347 | Elf:1    | Reached XP level 17. HP: 115/122 MP: 23/23
 21710 | Elf:1    | Found a radiant altar of Vehumet.
 22211 | Elf:1    | Paralysed by an air elemental for 1 turns
 22775 | Elf:2    | Identified the +7 battleaxe of Theory {drain, rN+ Int+2}
 23048 | D:14     | Bought +0 ice dragon scales for 840 gold pieces
 23321 | D:6      | Bought a scroll of enchant armour for 82 gold pieces
 23530 | Orc:2    | Bought a scroll of enchant armour for 127 gold pieces
 23753 | D:15     | You paid a toll of +5 ice dragon scales to enter a treasure
                  | trove
 23754 | Trove    | Entered a treasure trove
 23760 | Trove    | Identified the amulet of Brawling {Faith rElec Regen+ Int+4
                  | Dex+2}
 23768 | Trove    | Identified the ring of Zuxias {Fire Slay+6}
 23777 | Trove    | Identified the ring "Ilyrix" {rC++ Int+6}
 23785 | Trove    | Identified the ring of Lojaufaz {Wiz rN+ Str-5 Int+4 Dex+2}
 23787 | Trove    | Identified the ring of Zin's Condemnation {Ice rN+}
 23796 | Trove    | Identified the ring of the Spinneret {rN+ rCorr}
 23798 | Trove    | Identified the ring "Fuun" {Fly rElec rC- Will+ Str-3}
 24082 | Elf:2    | Got the Excursus on Congelation
 24089 | Elf:2    | Got Peasy's Almanac of Combustion
 24100 | Elf:2    | Got the Compilation of the Atmosphere
 24107 | Elf:2    | Got Ciuqoung's Omnibus of Excavation
 24232 | Elf:2    | Reached skill level 18 in Ranged Weapons
 24258 | Elf:2    | Found a runed translucent gate.
 24259 | Elf:2    | Found a runed translucent gate.
 24259 | Elf:2    | Found a runed translucent gate.
 24629 | Elf:3    | Entered Level 3 of the Elven Halls
 24825 | Elf:3    | Noticed a Hell Sentinel
 24849 | Elf:3    | Reached skill level 10 in Dodging
 25137 | Elf:3    | Found Zoubb's Gadget Gallery.
 25471 | Elf:3    | Noticed a deep elf blademaster
 25561 | Elf:2    | Reached XP level 18. HP: 26/130 MP: 5/24
 25919 | Elf:2    | Noticed a deep elf blademaster
 25924 | Elf:2    | Killed from afar by a deep elf knight

Illustrated notes

Levels and vault maps discovered:
D:1:      saegor_arrival_miasma, layout_basic, serial_shops, shop_fountains
D:2:      layout_rooms, grunt_ministairs_7
D:3:      layout_loops_ring, mainiacjoe_overflow_cross_hatched, uniq_natasha
D:4:      layout_basic, okawaru_trees_2, serial_undead, serial_undead_e,
          serial_undead_d, serial_undead_d, serial_undead_b, serial_undead_c,
          serial_undead_c, serial_undead_b, uniq_menkaure
D:5:      kennysheep_slugbush, layout_rooms, uniq_edmund
D:6:      layout_basic, nicolae_ossuary_entry_giza, serial_shops,
          nicolae_shop_behind_doors, kb_rosetta
D:7:      layout_loops_cross, overflow_temple_1_default, led_sif_book,
          temple_hall, enter_bailey_2, minmay_manual_mail
D:8:      layout_basic, kennysheep_mini, kennysheep_generic_room_10,
          uniq_psyche, uniq_grum
D:9:      layout_basic, uniq_maurice
D:10:     layout_basic, st_stairs_8, uniq_joseph
D:11:     layout_basic, hellmonk_lair_entry_icy, portal_ice_cave_rime,
          uniq_amaemon
D:12:     layout_roguey [special_room_bee], orc_0_dummy, st_stairs_6,
          chequers_serial_rivers_micro_a
D:13:     layout_loops_corners, uniq_urug, uniq_frances
D:14:     layout_loops_corners, erik_vaults_2, grunt_decor_mini_mirrors,
          serial_park_tiny_pond, nicolae_shop_dragon_depot
D:15:     grunt_enter_depths_snipers, layout_irregular_city,
          trove_entry_hex_spiral, minivault_24
Temple:   sentei_temple_godly_chess
Lair:1:   layout_cave_pods, nzn_ghost_randoct, basic_altar, serial_bayou_ford_a,
          serial_bayou_shore_a
Lair:2:   layout_cave_shapes, minmay_shoals_entry_hut,
          guppyfry_snake_entry_island, gauntlet_entry_generic,
          infiniplex_staircase_pool_2
Lair:3:   layout_chaotic_city
Lair:4:   layout_loops_ring, dreamdust_gnoll_shepherd, grunt_megastairs_1,
          serial_bayou_shore_b, infiniplex_staircase_pool
Lair:5:   hangedman_lair_tendril_chambers, layout_long_grid, wormcave,
          slime_entry_1
Orc:1:    layout_diamond_mine, gammafunk_ghost_stat_death
Orc:2:    st_orc_elflike, layout_diamond_mine, basic_altar
Elf:1:    layout_geoelf_octagon, basic_altar, hangedman_elf_disciples,
          minmay_shop_grove, grunt_megastairs_5
Elf:2:    nicolae_elf_blades_crystal_corner, layout_rooms,
          nicolae_elf_elemental_lessons
Elf:3:    elf_hall, layout_gridlike, grunt_ministairs_9, nicolae_shop_gadgets,
          roderic_lattice_octagonal_star

Skill      XL: |  1  2  3  4  5  6  7  8  9 10 11 12 13 14 15 16 17 18 |
---------------+-------------------------------------------------------+-----
Armour         | 1 2 3 4 5 6 7 8 9 10 11 | 11.7
Ranged Weapons | 5 6 7 9 10 12 13 14 15 17 18 | 18.3
Fighting       | 3 4 6 7 9 10 11 12 13 14 | 14.0
Dodging        | 3 4 6 7 8 10 | 10.0
Staves         | 2 |  2.0
Long Blades    | 1 2 5 7 |  7.5
Evocations     | 1 2 3 |  3.0
Axes           | 3 5 7 |  7.0
Spellcasting   | 1 3 |  3.0
Translocations | 2 3 5 7 8 9 |  9.0
Unarmed Combat | 1 3 |  3.0
Throwing       | 1 |  1.0
Short Blades   | 1 |  1.4
Invocations    | 3 6 8 |  8.0
Stealth        | |  1.0

Action                   |  1- 3 |  4- 6 |  7- 9 | 10-12 | 13-15 | 16-18 || total
-------------------------+-------+-------+-------+-------+-------+-------++-------
Melee: Hand axe          |       |       |    48 |    83 |    73 |    11 ||   215
       Quarterstaff      |       |       |     3 |       |       |       ||     3
       Shortbow          |       |       |     1 |       |       |       ||     1
       Punch             |       |       |       |     3 |     4 |       ||     7
       Long sword        |       |       |       |       |       |    18 ||    18
 Fire: Shortbow          |    91 |   102 |   303 |   530 |   939 |   796 ||  2761
Throw: Dart              |       |       |       |     1 |     1 |       ||     2
Invok: Ancestor Life: Kn |       |       |       |     1 |       |       ||     1
       Recall Ancestor   |       |       |       |     2 |     1 |     4 ||     7
Evoke: Wand              |       |       |       |     7 |    10 |       ||    17
       Condenser vane    |       |       |       |       |     1 |     1 ||     2
  Use: Scroll            |     7 |     5 |     6 |    14 |     8 |    12 ||    52
       Potion            |       |       |     4 |     5 |     2 |     2 ||    13
 Stab: Sleeping          |       |       |     1 |       |       |       ||     1
       Distracted        |       |       |       |       |     1 |     1 ||     2
Armor: Leather armour    |    16 |    14 |    55 |       |       |       ||    85
       Steam dragon scal |       |       |     5 |    29 |   108 |    27 ||   169
       Acid dragon scale |       |       |       |    53 |     5 |       ||    58
       Troll leather arm |       |       |       |       |       |    20 ||    20
Dodge: Dodged            |    30 |    47 |   145 |   211 |   219 |   125 ||   777
Block: Other             |       |       |       |       |       |     6 ||     6

Table legend: (Time is in decaauts)
 A = Elapsed time spent in this place.
 B = Non-inter-level travel time spent in this place.
 C = Inter-level travel time spent in this place.
 D = Time resting spent in this place.
 E = Time spent auto-exploring this place.
 F = Levels seen in this place.
 G = Mean time per level.
                   A        B        C        D        E       F      G
               +--------+--------+--------+--------+--------+-----+--------+
         Total |  25588 |  23166 |   2422 |   1975 |  15005 |  31 |  825.4 |
       Dungeon |  13321 |  11715 |   1606 |    683 |   8375 |  15 |  888.1 |
        Temple |     17 |     17 |      0 |      0 |      0 |   1 |   17.0 |
          Lair |   5104 |   4795 |    309 |    273 |   3517 |   5 | 1020.8 |
  Orcish Mines |   1253 |    998 |    255 |      0 |    772 |   2 |  626.5 |
   Elven Halls |   3723 |   3472 |    251 |    605 |   1717 |   3 | 1241.0 |
         Trove |     49 |     49 |      0 |      0 |      0 |   1 |   49.0 |
       Ossuary |    164 |    164 |      0 |      0 |     52 |   1 |  164.0 |
        Bailey |   1035 |   1035 |      0 |    226 |    287 |   1 | 1035.0 |
      Ice Cave |    233 |    233 |      0 |    112 |      0 |   1 |  233.0 |
      Gauntlet |    684 |    684 |      0 |     76 |    284 |   1 |  684.0 |
               +--------+--------+--------+--------+--------+-----+--------+

Top non-repeatable levels by time:
  Lair:5: 1720 daAuts
   Elf:1: 1509 daAuts
   Elf:2: 1427 daAuts
    D:14: 1283 daAuts
    D:11: 1280 daAuts
     D:6: 1125 daAuts
     D:9: 1080 daAuts
  Lair:1: 1046 daAuts
  Bailey: 1035 daAuts
    D:13: 990 daAuts
    D:15: 977 daAuts
     D:4: 918 daAuts
  Lair:4: 884 daAuts
     D:7: 866 daAuts
    D:12: 840 daAuts
